 Dungeon Crawl Stone Soup version 0.25-a0-35-g747a2b3c0c (webtiles) character file.

Game seed: 15689083727029469765, levelgen mode: deterministic

11235 Conn the Covert (level 11, 0/70 HPs)
             Began as an Octopode Fire Elementalist on Oct 19, 2019.
             Was a Priest of Sif Muna.
             Slain by Snorg (23 damage)
             ... on level 11 of the Dungeon.
             The game lasted 00:48:52 (14054 turns).

Conn the Covert (Octopode Fire Elementalist)       Turns: 14054, Time: 00:48:53

Health: 0/70       AC:  5    Str: 12    XL:     11   Next: 74%
Magic:  8/22       EV: 17    Int: 20    God:    Sif Muna [***...]
Gold:   1505       SH:  0    Dex: 13    Spells: 6/25 levels left

rFire    . . .     SeeInvis .   d - +3 dagger (freeze)
rCold    + . .     Gourm    .   (no shield)
rNeg     . . .     Faith    .   (helmet restricted)
rPois    .         Spirit   .   j - amulet of the acrobat
rElec    .         Reflect  .   f - +4 ring of protection
rCorr    .         Harm     .   t - ring of protection from cold
MR       .....                  v - +4 ring of strength
Stlth    +++++.....             y - +1 ring of evasion
HPRegen  0.21/turn              (no ring)
MPRegen  0.18/turn              (no ring)
                                (no ring)
                                (no ring)

@: no status effects
A: almost no armour, stealthy swim, amphibious, 8 rings, constrict 8, camouflage
1, gelatinous body 1
a: Channel Magic, Forget Spell, Renounce Religion


You were on level 11 of the Dungeon.
You worshipped Sif Muna.
Sif Muna was most pleased with you.
You were not hungry.

You visited 2 branches of the dungeon, and saw 12 of its levels.
You also visited: Bailey.

You collected 1505 gold pieces.

Inventory:

Hand Weapons
 d - a +3 dagger of freezing (weapon)
 e - a +0 short sword
 o - a cursed +0 short sword
 s - the +1 spear "Kuotuirch" {freeze, *Rage rC++ Str+4}
   (You found it on level 5 of the Dungeon)

   It has been specially enchanted to freeze those struck by it, causing extra
   injury to most foes and up to half again as much damage against particularly
   susceptible opponents.
   It can also slow down cold-blooded creatures.
   It affects your strength (+4).
   It greatly protects you from cold.
   It may make you go berserk in combat.
 G - a +1 halberd of flaming
Missiles
 q - 3 boomerangs of dispersal
 x - 8 curare-tipped darts
 H - 2 throwing nets (quivered)
 I - 5 silver boomerangs
Jewellery
 f - a +4 ring of protection (left tentacle)
 j - an amulet of the acrobat (around mantle)
 l - an uncursed amulet of rage
 t - a ring of protection from cold (right tentacle)
 v - a +4 ring of strength (on tentacle)
 y - a +1 ring of evasion (on tentacle)
Wands
 a - a wand of iceblast (32)
 g - a wand of digging (8)
 B - a wand of polymorph (7)
 D - a wand of disintegration (22)
Scrolls
 c - 2 scrolls of fear
 i - 8 scrolls of teleportation
 m - 8 scrolls of remove curse
 n - 4 scrolls of identify
 p - 3 scrolls of enchant armour
 E - a scroll of blinking
Potions
 h - 2 potions of magic
 r - 2 potions of agility
 u - a potion of mutation
 w - 2 potions of lignification
 z - a potion of berserk rage
 A - 4 potions of flight
 C - a potion of cancellation
 F - a potion of might
 J - 3 potions of curing
 L - 2 potions of brilliance
Comestibles
 b - 18 rations


   Skills:
 + Level 4.3 Fighting
 + Level 2.6 Short Blades
 + Level 7.4 Polearms
 + Level 0.2 Throwing
 + Level 6.0 Dodging
 - Level 9.2 Stealth
 + Level 0.1 Unarmed Combat
 * Level 7.7 Spellcasting
 * Level 7.4 Conjurations
 + Level 1.5 Hexes
 + Level 5.3 Fire Magic
 * Level 4.4 Invocations
 + Level 4.4 Evocations


You had 6 spell levels left.
You knew the following spells:

 Your Spells              Type           Power        Failure   Level  Hunger
a - Flame Tongue          Conj/Fire      ####.        1%          1    None
b - Conjure Flame         Conj/Fire      ####....     1%          3    None
c - Inner Flame           Hex/Fire       ###.....     6%          3    None
d - Sticky Flame          Conj/Fire      ####....     6%          4    ###....
e - Fireball              Conj/Fire      ####......   17%         5    #####..
f - Summon Guardian Gole  Hex/Summ       ##......     19%         3    None

Your spell library contained the following spells:

 Spells                   Type           Power        Failure   Level  Hunger
 Throw Flame              Conj/Fire      ####..       1%          2    None
 Animate Skeleton         Necr           N/A          9%          1    None
 Beastly Appendage        Tmut           #.....       9%          1    None
 Pain                     Necr           #...         9%          1    None
 Summon Small Mammal      Summ           #...         9%          1    None
 Call Imp                 Summ           #.......     13%         2    None
 Call Canine Familiar     Summ           #.......     26%         3    None
 Regeneration             Chrm/Necr      #.........   26%         3    None
 Vampiric Draining        Necr           #.........   26%         3    None
 Animate Dead             Necr           N/A          65%         4    ###....
 Summon Ice Beast         Ice/Summ       #.......     65%         4    ###....
 Summon Lightning Spire   Summ/Air       #.......     65%         4    ###....


Dungeon Overview and Level Annotations

Branches:
Dungeon (11/15)            Temple (1/1) D:7            Lair (0/6) D:10
    Orc (0/2) D:10         Bailey (visited)

Altars:
Dithmenos
Gozag
Kikubaaqudgha
Makhleb
Nemelex Xobeh
Okawaru
Ru
Sif Muna
Trog
Wu Jian
Xom
Yredelemnul
The Shining One

Shops:
D:6 [

Portals:
Trove: D:10 (give 3 potions of resistance)

Annotations:
D:11 Snorg


Innate Abilities, Weirdness & Mutations

You cannot wear most types of armour.
You are very stealthy in the water. (Stealth+)
You are amphibious.
You can wear up to eight rings at the same time.
You can use your tentacles to constrict eight enemies at once.
Your skin changes colour to match your surroundings (Stealth+).
Your rubbery body absorbs attacks. (AC +1, EV +1)


Message History

Press: ? - help, Dir - move target cursor The fire ignites!
Casting: Conjure Flame (safe; 1% risk of failure)
Confirm with . or Enter, or press ? or * to list all spells.
Aiming: Sticky Flame (safe; 6% risk of failure)
Press: ? - help, Shift-Dir - straight line, f - Snorg
Aim: Snorg (flame, moderately wounded, berserk, fast, unusually strong)
The sticky flame hits Snorg.
Snorg is moderately wounded.
Snorg is covered in liquid flames!
Snorg burns!
Snorg is engulfed in blazing flames.
Snorg closely misses you. x3
Snorg is engulfed in blazing flames.
Snorg misses you. Snorg claws you! x2
Casting: Sticky Flame (safe; 6% risk of failure)
Confirm with . or Enter, or press ? or * to list all spells.
Aiming: Fireball (quite dangerous; 17% risk of failure)
Press: ? - help, Shift-Dir - straight line, p - Snorg The fireball explodes!
The fireball engulfs Snorg!!
Snorg is heavily wounded.
Snorg burns!
Snorg is engulfed in blazing flames.
Snorg bites you!!
You die...

#. # #.+ .# #.# .# #.#####
..# #.....###..#
#####......(...###########
#.........T.......... ...
#####....@########.. ...
#.....# <....#.# #..
#.....#......#.# #.#
###...#.....##.# #.#
#...'.....#..# #.#
#...#######..#####.#
#.................)#
#........)..........
########..).........


You could see Snorg (berserk).

Vanquished Creatures
  Sonja (D:10)
  2 orc knights (Bailey)
  Pikel (D:4)
  2 ugly things (D:11)
  2 trolls
  Prince Ribbit (D:5)
  7 hippogriffs
  Sigmund (D:4)
  A wyvern (D:11)
  A yak (D:10)
  A hungry ghost (D:9)
  2 basilisks (D:10)
  2 humans (D:7)
  An acid dragon (D:11)
  Duvessa (D:5)
  7 orc warriors
  A sky beast (D:6)
  A slave (D:4)
  2 necrophages
  5 ogres
  5 centaurs
  A big kobold (D:9)
  6 bullfrogs
  A wyvern zombie (D:10)
  A water moccasin zombie (D:11)
  Dowan (D:5)
  3 scorpions
  12 killer bees
  5 wights (D:8)
  5 howler monkeys
  2 crimson imps
  2 jellies (D:8)
  3 quasits
  2 centaur zombies
  2 hounds (D:8)
  7 orc priests
  12 orc wizards
  3 bullfrog skeletons
  An iguana (D:4)
  9 worker ants
  3 hound skeletons
  A worker ant zombie (D:9)
  A howler monkey zombie (D:7)
  Robin (D:4)
  6 gnolls
  9 adders
  A shadow imp (D:8)
  2 oozes
  An adder zombie (D:7)
  A worm (D:2)
  3 dart slugs
  4 leopard geckos
  48 orcs
  A ball python (D:8)
  8 bats
  7 giant cockroaches
  13 hobgoblins
  10 jackals
  23 kobolds
  4 quokkas
  8 frilled lizards
  12 goblins
  2 leopard gecko skeletons (D:6)
  2 quokka skeletons
  A quokka zombie (D:8)
  6 rats
303 creatures vanquished.

Vanquished Creatures (others)
  Grinder (D:5)
  Edmund (D:5)
2 creatures vanquished.

Grand Total: 305 creatures vanquished

Notes
Turn   | Place    | Note
-------+----------+-------------------------------------------
     0 | D:1      | Conn the Octopode Fire Elementalist began the quest for the
                  | Orb.
     0 | D:1      | Reached XP level 1. HP: 11/11 MP: 3/3
   123 | D:1      | Reached XP level 2. HP: 4/17 MP: 0/5
   802 | D:1      | Reached skill level 3 in Stealth
  1093 | D:1      | Reached XP level 3. HP: 21/21 MP: 6/6
  1427 | D:1      | Learned a level 3 spell: Conjure Flame
  1692 | D:2      | Found a shimmering altar of Xom.
  1732 | D:2      | Reached skill level 1 in Short Blades
  1844 | D:2      | Reached XP level 4. HP: 17/27 MP: 0/7
  2096 | D:3      | Found a shadowy altar of Dithmenos.
  2097 | D:3      | You fall into a shaft and drop 3 floors!
  2132 | D:6      | Noticed an ogre
  2179 | D:5      | Entered Level 5 of the Dungeon
  2184 | D:5      | Killed Grinder
  2188 | D:5      | Killed Edmund
  2349 | D:5      | Got a twisted spear
  2350 | D:5      | Identified the cursed +1 spear "Kuotuirch" {freeze, *Rage
                  | rC++ Str+4} (You found it on level 5 of the Dungeon)
  2560 | D:5      | Reached XP level 5. HP: 23/32 MP: 5/9
  2647 | D:5      | Found a shimmering altar of Xom.
  2711 | D:5      | Noticed Prince Ribbit
  2802 | D:4      | Noticed an orc warrior
  2830 | D:4      | Killed an orc warrior
  2830 | D:4      | Reached XP level 6. HP: 37/37 MP: 7/10
  2986 | D:4      | Learned a level 3 spell: Inner Flame
  2991 | D:4      | Learned a level 4 spell: Sticky Flame
  3034 | D:4      | Reached skill level 1 in Polearms
  3336 | D:4      | Reached skill level 1 in Fighting
  3336 | D:4      | Reached XP level 7. HP: 43/43 MP: 12/12
  3438 | D:4      | Noticed Robin
  3453 | D:4      | Killed Robin
  3579 | D:4      | Noticed Pikel
  3585 | D:4      | Reached skill level 4 in Stealth
  3597 | D:4      | Killed Pikel
  3597 | D:4      | Reached XP level 8. HP: 48/48 MP: 12/14
  3617 | D:4      | Noticed Sigmund
  3649 | D:4      | Killed Sigmund
  3649 | D:4      | Reached skill level 5 in Stealth
  3673 | D:4      | Found a sparkling altar of Nemelex Xobeh.
  5216 | D:5      | Learned a level 5 spell: Fireball
  5405 | D:5      | Found a bloodstained altar of Trog.
  5405 | D:5      | Noticed Duvessa
  5417 | D:5      | Killed Duvessa
  5418 | D:5      | Noticed Dowan
  5421 | D:5      | Killed Dowan
  5740 | D:5      | Reached skill level 6 in Stealth
  5776 | D:5      | Reached skill level 1 in Evocations
  5912 | D:5      | Killed Prince Ribbit
  5912 | D:5      | Reached XP level 9. HP: 37/55 MP: 11/16
  6263 | D:6      | Reached skill level 5 in Spellcasting
  6351 | D:6      | Reached skill level 7 in Stealth
  6634 | D:6      | Found Gepn's Antique Armour Boutique.
  7413 | D:7      | Found a staircase to the Ecumenical Temple.
  7424 | D:7      | Reached skill level 5 in Conjurations
  7438 | D:7      | Reached skill level 5 in Polearms
  7476 | Temple   | Entered the Ecumenical Temple
  7491 | Temple   | Became a worshipper of Sif Muna the Loreminder
  7805 | D:7      | Found a sparkling altar of Nemelex Xobeh.
  7893 | D:7      | Found an iron altar of Okawaru.
  8026 | D:7      | Reached XP level 10. HP: 46/63 MP: 18/18
  8048 | D:7      | Identified a scroll of acquirement
  8279 | D:8      | Reached skill level 5 in Dodging
  8388 | D:8      | Reached skill level 8 in Stealth
  8794 | D:8      | Reached * piety under Sif Muna
  9852 | D:8      | Reached skill level 1 in Invocations
 10358 | D:9      | Found an ornate altar of the Wu Jian Council.
 10587 | D:9      | Found a glowing golden altar of the Shining One.
 11185 | D:10     | Entered Level 10 of the Dungeon
 11209 | D:10     | Noticed Sonja
 11212 | D:10     | Found a flagged portal.
 11220 | D:10     | Killed Sonja
 11220 | D:10     | Reached XP level 11. HP: 54/69 MP: 19/21
 11348 | D:10     | Reached skill level 9 in Stealth
 11393 | D:10     | Reached ** piety under Sif Muna
 11447 | Bailey   | Entered a bailey
 11530 | Bailey   | Noticed an orc knight
 11621 | Bailey   | Noticed an orc knight
 11639 | Bailey   | Killed an orc knight
 11639 | Bailey   | Reached skill level 1 in Hexes
 11639 | Bailey   | Reached skill level 5 in Fire Magic
 11756 | Bailey   | Killed an orc knight
 12112 | D:10     | Found a staircase to the Orcish Mines.
 12170 | D:10     | Found a portal to a secret trove of treasure.
 12328 | D:10     | Reached *** piety under Sif Muna
 12770 | D:10     | Found a staircase to the Lair.
 13256 | D:11     | Found a burning altar of Makhleb.
 13266 | D:11     | Noticed a cyan ugly thing
 13278 | D:11     | Killed a cyan ugly thing
 13535 | D:11     | Found a shimmering blue altar of Sif Muna.
 13564 | D:11     | Identified Sif Muna's Tome of Transformation
 13711 | D:11     | Noticed a brown ugly thing
 13724 | D:11     | Killed a brown ugly thing
 14015 | D:11     | Learned a level 3 spell: Summon Guardian Golem
 14041 | D:11     | Noticed Snorg
 14054 | D:11     | Slain by Snorg

Levels and vault maps discovered:
D:1:      sevenhm_arrival_forest_fort_small_6, layout_loops_corners,
          minmay_unequal
D:2:      layout_basic, minmay_hexomino_r4
D:3:      layout_loops_ring, nicolae_dithmenos_through_a_glass_darkly,
          first_ration
D:4:      layout_loops_ring, nemelex_spade_bored_becter, uniq_pikel, uniq_robin,
          uniq_sigmund
D:5:      layout_basic, lemuel_coloured_pillars_altar, kennysheep_little_box,
          lemuel_flamethrower_2, uniq_edmund, uniq_prince_ribbit1, uniq_grinder,
          uniq_duvessa
D:6:      layout_rooms, serial_shops, shop
D:7:      layout_loops_ring, lemuel_crystal_altar, okawaru_humans,
          minmay_temple_entry_arrows
D:8:      layout_cave_pods, grunt_ogre_cave, kennysheep_pointless_box
D:9:      layout_roguey, nicolae_overflow_crystal_walls, tso_metal_star
D:10:     layout_irregular_city, david_lair_generic, hiddenorc1_lemuel,
          enter_bailey_2, enter_trove_2, uniq_sonja
D:11:     layout_irregular_city, serial_shops, shop, basic_altar, led_sif_book,
          uniq_snorg
Temple:   regret_index_temple_waves

Skill      XL: |  1  2  3  4  5  6  7  8  9 10 11 |
---------------+----------------------------------+-----
Stealth        | 3 4 6 7 8 9 |  9.2
Short Blades   | 1 2 |  2.6
Spellcasting   | 3 4 5 6 7 |  7.7
Conjurations   | 2 3 4 5 6 7 |  7.4
Polearms       | 1 3 4 5 6 7 |  7.4
Fire Magic     | 4 5 |  5.3
Dodging        | 3 4 5 6 |  6.0
Fighting       | 1 2 3 4 |  4.3
Evocations     | 1 3 4 |  4.4
Invocations    | 2 4 |  4.4
Hexes          | 1 |  1.5
Throwing       | |  0.2
Unarmed Combat | |  0.1

Action                   |  1- 3 |  4- 6 |  7- 9 | 10-12 || total
-------------------------+-------+-------+-------+-------++-------
Melee: Unarmed           |     8 |       |       |       ||     8
       Constrict         |    15 |    15 |    53 |    34 ||   117
       Tentacles         |     7 |    14 |    44 |    66 ||   131
       Short sword       |    43 |    15 |       |       ||    58
       Dagger            |       |    13 |       |    16 ||    29
       Spear             |       |    69 |   267 |   219 ||   555
       Halberd           |       |       |       |    19 ||    19
Throw: Throwing net      |       |       |       |     2 ||     2
 Cast: Flame Tongue      |    34 |    18 |     9 |   114 ||   175
       Conjure Flame     |     1 |     2 |     3 |    14 ||    20
       Sticky Flame      |       |       |     1 |    10 ||    11
       Inner Flame       |       |       |       |     7 ||     7
       Fireball          |       |       |       |     6 ||     6
       Summon Guardian G |       |       |       |     1 ||     1
 Abil: Evoke Berserk Rag |       |       |     1 |       ||     1
Evoke: Wand              |       |       |     3 |     2 ||     5
  Use: Potion            |       |     5 |     3 |     1 ||     9
       Scroll            |       |     5 |     1 |    16 ||    22
 Stab: Sleeping          |     6 |     2 |    21 |    22 ||    51
       Distracted        |       |     1 |     1 |       ||     2
  Eat: Chunk             |     3 |     5 |    17 |    18 ||    43
       Ration            |       |       |       |     2 ||     2
Armor: Skin              |    12 |    24 |    34 |    42 ||   112
Dodge: Dodged            |    39 |    58 |   122 |   217 ||   436

Table legend:
 A = Non-vault XP
 B = Vault XP
 C = Vault XP percentage of total XP
 D = Non-vault monster count
 E = Vault monster count
 F = Vault count percentage of total count
                 A         B        C        D         E       F
            +---------+---------+-------+---------+---------+-------
      Total |   10683 |    5367 |  33.4 |     232 |      70 |  23.2
            +---------+---------+-------+---------+---------+-------
        D:1 |      44 |       5 |  10.2 |      27 |       2 |   6.9
        D:2 |      99 |       2 |   2.0 |      20 |       2 |   9.1
        D:3 |      91 |       0 |   0.0 |      19 |       0 |   0.0
        D:4 |     506 |     887 |  63.7 |      21 |       9 |  30.0
        D:5 |     345 |     510 |  59.6 |       7 |       3 |  30.0
        D:6 |     729 |       0 |   0.0 |      13 |       0 |   0.0
        D:7 |    1229 |     381 |  23.7 |      42 |       2 |   4.5
        D:8 |    2431 |     122 |   4.8 |      36 |       1 |   2.7
        D:9 |    1409 |       0 |   0.0 |      20 |       0 |   0.0
       D:10 |    1604 |    1871 |  53.8 |      16 |      22 |  57.9
       D:11 |    2196 |      76 |   3.3 |      11 |       2 |  15.4
     Bailey |       0 |    1513 | 100.0 |       0 |      27 | 100.0
            +---------+---------+-------+---------+---------+-------
